 Dungeon Crawl Stone Soup version 0.29.1-13-g9f3cf754e1 (webtiles) character file.

Game seed: 16700025318861897993

22 Thatpatchoflichen the Ducker (level 3, 0/28 HPs)
             Began as a Human Gladiator on Feb 4, 2023.
             Slain by a kobold
             ... wielding a +0 trident
              (4 damage)
             ... on level 1 of the Dungeon.
             The game lasted 00:00:54 (407 turns).

Thatpatchoflichen the Ducker (Human Gladiator)       Turns: 407, Time: 00:00:55

Health: 0/28       AC:  4    Str: 14    XL:     3   Next: 7%
Magic:  3/3        EV: 12    Int:  8    God:
Gold:   14         SH:  0    Dex: 16    Spells: 2/2 levels left

rFire   . . .      SeeInvis .   a - +0 long sword
rCold   . . .      Faith    .   (no shield)
rNeg    . . .      Spirit   .   b - +0 leather armour
rPois   .          Reflect  .   c - +0 helmet
rElec   .          Harm     .   (no cloak)
rCorr   .          Rampage  .   (no gloves)
Will    .....                   (no boots)
Stlth   +.........              (no amulet)
HPRegen 0.09/turn               (no ring)
MPRegen 0.08/turn               (no ring)

@: no status effects
A: no striking features
a: no special abilities


You were on level 1 of the Dungeon.
You visited 1 branch of the dungeon, and saw 1 of its levels.

You collected 14 gold pieces.

Inventory:

Hand Weapons
 a - a +0 long sword (weapon)
Missiles
 d - 3 throwing nets (quivered)
 e - a javelin
Armour
 b - a +0 leather armour (worn)
 c - a +0 helmet (worn)
Scrolls
 f - a scroll of vulnerability {unknown}
 g - a scroll of blinking {unknown}
Potions
 h - a potion of haste {unknown}


   Skills:
 + Level 2.3 Fighting
 + Level 3.2 Long Blades
 - Level 2.0 Throwing
 + Level 1.0 Armour
 + Level 3.2 Dodging


You had 2 spell levels left.
You didn't know any spells.
Your spell library was empty.

Dungeon Overview and Level Annotations

Branches:
Dungeon (1/15)

Altars:


Message History

You kill the jackal!
You slash the quokka!
You kill the quokka!
Your Armour skill increases to level 1!
You hit the hobgoblin but do no damage. The hobgoblin barely misses you.
You barely miss the hobgoblin.
The hobgoblin hits you but does no damage. x2
You barely miss the hobgoblin.
The hobgoblin hits you but does no damage.
You barely miss the hobgoblin.
The hobgoblin hits you but does no damage.
A kobold comes into view. It is wielding a +0 trident.
You hit the hobgoblin.
The hobgoblin is almost dead.
The hobgoblin hits you but does no damage.
You hit the hobgoblin.
You kill the hobgoblin!
The kobold throws a stone.
The stone barely misses you.
You hit the dart slug.
The dart slug is moderately wounded.
The kobold hits you from afar with a +0 trident!
The dart slug closely misses you. The kobold barely misses you.
You hit the dart slug.
The dart slug is severely wounded.
The kobold misses you. The dart slug launches a dart at you.
The slug dart hits you.
You barely miss the dart slug.
The dart slug is severely wounded.
The kobold hits you from afar with a +0 trident.
* * * LOW HITPOINT WARNING * * *
You slash the dart slug!
You kill the dart slug!
The kobold barely misses you.
You have reached level 3!
Your experience leads to an increase in your attributes!
Increase (S)trength, (I)ntelligence, or (D)exterity?
You feel agile. x2
The kobold hits you with a +0 trident.
You die...

...)......#..#.##..## ##....
.)........#.#####...### ###...§.
............###.##....####.§§§§..
.........#.......##.....§.§§§§§.#
...#....###.###..####....§§§§§###
.####.#.##..##.....######8#####
.# #.#....###.#.##..###### .#
...####...K........... .
..#.####.h##@##......##
..........##.#########
...#..r..##.# #..g....##.#
....#..#####.# ....w.. #.#
#...... #.# #...### #.# .... #.#


You could see a kobold.

Vanquished Creatures
  A dart slug (D:1)
  2 ball pythons (D:1)
  A giant cockroach (D:1)
  2 goblins (D:1)
  A hobgoblin (D:1)
  4 jackals (D:1)
  2 kobolds (D:1)
  2 quokkas (D:1)
15 creatures vanquished.

Vanquished Creatures (others)
  4 fungi (D:1)
  3 plants (D:1)
7 creatures vanquished.

Grand Total: 22 creatures vanquished

Notes
Turn   | Place    | Note
-------+----------+-------------------------------------------
     0 | D:1      | Thatpatchoflichen the Human Gladiator began the quest for
                  | the Orb.
     0 | D:1      | Reached XP level 1. HP: 16/16 MP: 1/1
    82 | D:1      | Reached XP level 2. HP: 12/22 MP: 2/2
   397 | D:1      | Reached skill level 1 in Armour
   407 | D:1      | Reached XP level 3. HP: 4/28 MP: 3/3
   407 | D:1      | Slain by a kobold

Illustrated notes

Levels and vault maps discovered:
D:1:      heliophobic_arrival_dark_side_of_the_moon, layout_rooms,
          shapermc_ecumenical_altar_acropolis

Skill      XL: |  1  2 |
---------------+-------+-----
Armour         | 1 |  1.0
Fighting       | |  2.3
Long Blades    | |  3.2
Throwing       | |  2.0
Dodging        | |  3.2

Action                   || total
-------------------------++-------
Melee: Long sword        ||    49
       Punch             ||     1
Armor: Leather armour    ||    19
Dodge: Dodged            ||    46
